 Dungeon Crawl Stone Soup version 0.30-a0-457-g4b7bca3bfa (webtiles) character file.

Game seed: 6007533429242108666

11907 Ijustatesigmund the Thaumaturge (level 11, -15/83 HPs)
             Began as a Gnoll Fire Elementalist on Dec 13, 2022.
             Was an Elder of Cheibriados.
             Killed from afar by a deep elf pyromancer (36 damage)
             ... with a bolt of fire
             ... on level 12 of the Dungeon.
             The game lasted 00:33:16 (12648 turns).

Ijustatesigmund the Thaumaturge (GnFE)             Turns: 12648, Time: 00:33:18

Health: -15/83     AC: 11    Str: 19    XL:     11   Next: 85%
Magic:  23/23      EV: 19    Int: 29    God:    Cheibriados [****..]
Gold:   168        SH:  0    Dex: 24    Spells: 19/27 levels left

rFire   . . .      SeeInvis .    r - +8 long sword of Conversion {drain, *Corrode +Blink Stlth+}
rCold   . . .      Faith    .    (no shield)
rNeg    . . .      Spirit   .    a - +0 steam dragon scales
rPois   +          Reflect  .    y - +0 helmet {Int+3}
rElec   .          Harm     .    q - +0 cloak
rCorr   .          Rampage  .    t - +2 pair of gloves
Will    .....                    F - +2 pair of boots
Stlth   +++++.....               (no amulet)
HPRegen 0.33/turn                u - ring of flight
MPRegen 0.18/turn                x - ring of poison resistance

@: corroded, flying, invisible, very slow
A: fangs 1, strong nose, distributed training
a: Renounce Religion, Evoke Blink, Bend Time, Temporal Distortion, Slouch


You were on level 12 of the Dungeon.
You worshipped Cheibriados.
Cheibriados was greatly pleased with you.
You visited 2 branches of the dungeon, and saw 13 of its levels.

You collected 618 gold pieces.
You spent 450 gold pieces at shops.

Inventory:

Hand Weapons
 d - a +3 hand axe of electrocution
 r - the +8 long sword of Conversion (weapon) {drain, *Corrode +Blink Stlth+}
   (You found it on level 4 of the Dungeon)

   A truly terrible weapon, it drains the life of any living foe it strikes.
   +Blink:    It lets you blink.
   *Corrode:  It may corrode you when you take damage.
   Stlth:     It makes you more stealthy.
Missiles
 B - a throwing net
Armour
 a - +0 steam dragon scales (worn)
 f - the +3 hat of Pondering {ponderous, Will+ MP+10 Int+5}
   (You took it off Gastronok on level 9 of the Dungeon)

   Int:       It affects your intelligence (+5).
   MP:        It affects your magic capacity (+10).
   Will:      It increases your willpower.
 q - a +0 cloak (worn)
 t - a +2 pair of gloves (worn)
 y - a +0 helmet of intelligence (worn)
 C - a +2 chain mail of fire resistance
 F - a +2 pair of boots (worn)
Jewellery
 u - a ring of flight (left hand)
 x - a ring of poison resistance (right hand)
 D - a ring of willpower
Wands
 v - a wand of flame (36)
 E - a wand of digging (16)
Scrolls
 i - a scroll of fog
 l - a scroll of magic mapping
 m - 4 scrolls of amnesia
 w - 2 scrolls of enchant weapon
Potions
 b - a potion of magic
 e - 3 potions of brilliance
 g - 4 potions of attraction
 h - 4 potions of curing
 j - 5 potions of haste
 n - a potion of cancellation
 s - a potion of mutation {unknown}
 z - a potion of ambrosia {unknown}
 A - 2 potions of lignification {unknown}


   Skills:
 + Level 6.9 Fighting
 + Level 6.9 Short Blades
 + Level 6.9 Long Blades
 + Level 6.9 Axes
 + Level 6.9 Maces & Flails
 + Level 6.9 Polearms
 + Level 6.9 Staves
 + Level 6.9 Ranged Weapons
 + Level 6.9 Throwing
 + Level 6.9 Armour
 + Level 8.4 Dodging
 + Level 8.2 Stealth
 + Level 6.9 Shields
 + Level 6.9 Unarmed Combat
 + Level 8.6 Spellcasting
 + Level 6.2 Conjurations
 + Level 5.7 Hexes
 + Level 5.7 Summonings
 + Level 5.7 Necromancy
 + Level 5.7 Translocations
 + Level 5.7 Transmutations
 + Level 8.0 Fire Magic
 + Level 5.7 Ice Magic
 + Level 5.7 Air Magic
 + Level 5.7 Earth Magic
 + Level 5.7 Poison Magic
 + Level 7.6 Invocations
 + Level 6.9 Evocations


You had 19 spell levels left.
You knew the following spells:

 Your Spells              Type           Power      Damage    Failure   Level
a - Foxfire               Conj/Fire      100%       2x1d9     1%          1
b - Scorch                Fire           100%       2d10      1%          2
c - Magic Dart            Conj           100%       1d8       1%          1
d - Apportation           Tloc           92%        N/A       1%          1
e - Mephitic Cloud        Conj/Pois/Air  46%        N/A       1%          3

Your spell library contained the following spells:

 Spells                   Type           Power      Damage    Failure   Level
 Call Imp                 Summ           46%        N/A       1%          2
 Inner Flame              Hex/Fire       51%        N/A       1%          3
 Kindle Blastsparks       Fire/Tloc/Air  100%       2d18      1%          3
 Flame Wave               Conj/Fire      52%        2d13      2%          4
 Airstrike                Air            23%        2d(4-20)  4%          4
 Summon Lightning Spire   Summ/Air       46%        N/A       4%          4
 Alistair's Intoxication  Tmut/Pois      30%        N/A       11%         5
 Lightning Bolt           Conj/Air       23%        1d39      11%         5
 Borgnjor's Revivificati  Necr           23%        N/A       100%        8
 Necromutation            Tmut/Necr      23%        N/A       100%        8
 Death's Door             Necr           23%        N/A       100%        9


Dungeon Overview and Level Annotations

Branches:
Dungeon (12/15)            Temple (1/1) D:4            Lair (0/5) D:10
    Orc: D:9-12

Altars:
Cheibriados
Elyvilon
Fedhas
Gozag
Kikubaaqudgha
Nemelex Xobeh
Ru
Vehumet
Wu Jian
Zin

Shops:
D:5 *   D:6 (   D:8 [

Annotations:
D:10 3 runed translucent doors, bosakos's ghost, journeyman MiBe


Innate Abilities, Weirdness & Mutations

You have very sharp teeth.
Your uncanny sense of smell can sniff out nearby items.
Your experience applies equally to all skills.


Message History

Something hits you but does no damage.
The purple ugly thing gurgles horribly!
The two-headed ogre shouts in stereo!
You slash the purple ugly thing! Your bite misses the purple ugly thing.
The purple ugly thing is lightly wounded.
You hear a shout!
You hear an angry buzzing noise.
Something hits you! Something hits you but does no damage.
The purple ugly thing completely misses you.
Something hits you. Something hits you! Something hits you but does no damage.
The two-headed ogre closely misses you. The two-headed ogre barely misses you.
Something hits you.
The deep elf pyromancer points at you and mumbles some strange words.
The bolt of fire misses you.
The air fills with toxic fumes!
As you read the scroll of poison, it crumbles to dust.
Something barely misses you.
The two-headed ogre hits you with a +0 giant club!
* * * LOW HITPOINT WARNING * * *
The two-headed ogre barely misses you.
The deep elf pyromancer casts a spell at you.
The bolt of fire misses you.
You hear a bellow!
You feel better. Something hits you but does no damage.
The purple ugly thing is engulfed in poison gas.
The purple ugly thing is poisoned.
The manticore is engulfed in poison gas.
The manticore is poisoned.
The two-headed ogre completely misses you.
The two-headed ogre hits you with a +0 giant club!
* * * LOW HITPOINT WARNING * * *
Your corrosive artefact corrodes you!
You hit the two-headed ogre.
The two-headed ogre is lightly wounded.
Something hits you but does no damage.
The manticore is engulfed in poison gas.
The manticore looks even sicker.
The deep elf pyromancer gestures at you while chanting.
The bolt of fire hits you!!!
You die...

..# .. .§§###
###§##### .
.§§§§##§§§#§§§##
...§ .§§§#§§§§§§§§.#
...§§##§§§§§§§§§§§..
.....§§§§§§§§§§§u§!.
...§§##§§.§§§§§§§...
..§§§§§§§§O§§§§H§..
####§§§§§§@§§§§§e§.Y
#..§§§§§§§§#####§§..
.#§#§#§§§§§# ##. ..
###§§## ## #§## #§#
#§# #§# .#


You could see a purple ugly thing (wandering, unable to see you, poisoned), a
two-headed ogre (unable to see you), a manticore (wandering, unable to see you,
very poisoned) and a deep elf pyromancer (unable to see you).

Vanquished Creatures
  Gastronok (D:9)
  Erolcha (D:11)
  2 two-headed ogres
  Erica (D:9)
  Pikel (D:8)
  Maggie (D:7)
  A kobold demonologist (D:12)
  Grinder (D:6)
  5 yaks
  Eustachio (D:6)
  5 humans
  3 vampire mosquitoes (D:10)
  Menkaure (D:7)
  An acid dragon (D:10)
  3 water moccasins
  An orc warrior (D:10)
  A black bear (D:6)
  An ice beast (D:6)
  2 sky beasts (D:7)
  7 ogres
  4 centaurs
  A phantom (D:6)
  2 kobold brigands
  A necrophage (D:6)
  7 bullfrogs
  3 scorpions
  31 killer bees
  A howler monkey (D:5)
  2 jellies
  3 hounds
  Crazy Yiuf (D:4)
  6 orc priests
  3 gnoll boudas
  2 iguanas (D:5)
  Terence (D:2)
  Jessica (D:2)
  7 orc wizards
  6 adders
  20 gnolls
  2 shadow imps (D:7)
  4 white imps
  3 ufetubi (D:5)
  4 worms
  2 dart slugs
  31 orcs
  12 endoplasms
  A giant cockroach (D:1)
  6 hobgoblins
  9 jackals
  3 quokkas (D:1)
  5 ball pythons
  7 bats
  2 frilled lizards (D:1)
  9 goblins
  19 kobolds
  3 rats
264 creatures vanquished.

Vanquished Creatures (collateral kills)
  A killer bee (D:9)
1 creature vanquished.

Vanquished Creatures (others)
  A killer bee (D:10)
  A butterfly (D:9)
  391 foxfires
393 creatures vanquished.

Grand Total: 658 creatures vanquished

Notes
Turn   | Place    | Note
-------+----------+-------------------------------------------
     0 | D:1      | Ijustatesigmund the Gnoll Fire Elementalist began the quest
                  | for the Orb.
     0 | D:1      | Reached XP level 1. HP: 13/13 MP: 6/6
   216 | D:1      | Reached XP level 2. HP: 19/19 MP: 1/7
   788 | D:1      | Reached skill level 5 in Spellcasting
   788 | D:1      | Reached XP level 3. HP: 25/25 MP: 4/9
   861 | D:1      | Reached skill level 1 in Invocations
  1633 | D:2      | Reached skill level 1 in Fighting
  1633 | D:2      | Reached skill level 1 in Short Blades
  1633 | D:2      | Reached skill level 1 in Long Blades
  1633 | D:2      | Reached skill level 1 in Axes
  1633 | D:2      | Reached skill level 1 in Maces & Flails
  1633 | D:2      | Reached skill level 1 in Polearms
  1633 | D:2      | Reached skill level 1 in Staves
  1633 | D:2      | Reached skill level 1 in Ranged Weapons
  1633 | D:2      | Reached skill level 1 in Throwing
  1633 | D:2      | Reached skill level 1 in Armour
  1633 | D:2      | Reached skill level 1 in Shields
  1633 | D:2      | Reached skill level 1 in Unarmed Combat
  1633 | D:2      | Reached skill level 1 in Evocations
  1636 | D:2      | Learned a level 2 spell: Scorch
  1871 | D:2      | Found a sacrificial altar of Ru.
  1874 | D:2      | Noticed Terence
  1889 | D:2      | Killed Terence
  1890 | D:2      | Reached skill level 1 in Hexes
  1890 | D:2      | Reached skill level 1 in Summonings
  1890 | D:2      | Reached skill level 1 in Necromancy
  1890 | D:2      | Reached skill level 1 in Translocations
  1890 | D:2      | Reached skill level 1 in Transmutations
  1890 | D:2      | Reached skill level 1 in Ice Magic
  1890 | D:2      | Reached skill level 1 in Air Magic
  1890 | D:2      | Reached skill level 1 in Earth Magic
  1890 | D:2      | Reached skill level 1 in Poison Magic
  1890 | D:2      | Reached XP level 4. HP: 32/32 MP: 0/11
  2267 | D:2      | Noticed Jessica
  2277 | D:2      | Killed Jessica
  2278 | D:2      | Reached XP level 5. HP: 37/37 MP: 7/12
  2464 | D:2      | Learned a level 1 spell: Magic Dart
  2466 | D:2      | Learned a level 1 spell: Apportation
  2668 | D:3      | Found a faded altar of an unknown god.
  3275 | D:3      | Found a blossoming altar of Fedhas.
  3371 | D:3      | Found an ornate altar of the Wu Jian Council.
  3752 | D:4      | Reached XP level 6. HP: 44/44 MP: 10/13
  3935 | D:4      | Found a radiant altar of Vehumet.
  4221 | D:4      | Reached skill level 5 in Dodging
  4325 | D:4      | Found a runed translucent door.
  4326 | D:4      | Noticed Crazy Yiuf
  4334 | D:4      | Killed Crazy Yiuf
  4486 | D:4      | Identified the +8 long sword of Conversion {drain, *Corrode
                  | +Blink Stlth+}
  4639 | D:4      | Found a staircase to the Ecumenical Temple.
  4664 | Temple   | Entered the Ecumenical Temple
  4672 | Temple   | Became a worshipper of Cheibriados the Contemplative
  4832 | D:5      | Entered Level 5 of the Dungeon
  4843 | D:5      | Reached XP level 7. HP: 51/51 MP: 11/15
  4859 | D:5      | Reached skill level 5 in Stealth
  5136 | D:5      | Reached XP level 8. HP: 58/58 MP: 16/16
  5335 | D:5      | Reached * piety under Cheibriados
  5550 | D:5      | Found Dono's General Store.
  5564 | D:5      | Bought a +2 pair of gloves for 214 gold pieces
  5564 | D:5      | Bought a scroll of identify for 26 gold pieces
  5710 | D:5      | Found a sparkling altar of Nemelex Xobeh.
  6135 | D:6      | Reached XP level 9. HP: 48/65 MP: 18/18
  6139 | D:6      | Learned a level 3 spell: Mephitic Cloud
  6360 | D:6      | Noticed Grinder
  6367 | D:6      | Killed Grinder
  6674 | D:6      | Found Beushric's Weapon Shop.
  6884 | D:6      | Found an opulent altar of Gozag.
  7008 | D:6      | Reached skill level 5 in Invocations
  7008 | D:6      | Found a glowing silver altar of Zin.
  7228 | D:6      | Noticed Eustachio
  7250 | D:6      | Killed Eustachio
  7250 | D:6      | Reached ** piety under Cheibriados
  7601 | D:7      | Noticed Menkaure
  7608 | D:7      | Killed Menkaure
  7672 | D:7      | Noticed Maggie
  7684 | D:7      | Killed Maggie
  7800 | D:7      | Reached skill level 5 in Fighting
  7800 | D:7      | Reached skill level 5 in Short Blades
  7800 | D:7      | Reached skill level 5 in Long Blades
  7800 | D:7      | Reached skill level 5 in Axes
  7800 | D:7      | Reached skill level 5 in Maces & Flails
  7800 | D:7      | Reached skill level 5 in Polearms
  7800 | D:7      | Reached skill level 5 in Staves
  7800 | D:7      | Reached skill level 5 in Ranged Weapons
  7800 | D:7      | Reached skill level 5 in Throwing
  7800 | D:7      | Reached skill level 5 in Armour
  7800 | D:7      | Reached skill level 5 in Shields
  7800 | D:7      | Reached skill level 5 in Unarmed Combat
  7800 | D:7      | Reached skill level 5 in Evocations
  7800 | D:7      | Reached XP level 10. HP: 74/74 MP: 15/20
  8129 | D:7      | Identified the +0 leather armour "Igus" {Int+4 Dex+4}
  8273 | D:7      | Reached *** piety under Cheibriados
  8661 | D:8      | Found Hiarasch's Antique Armour Shop.
  8695 | D:8      | Bought a pair of glowing boots for 210 gold pieces
  9018 | D:8      | Reached skill level 5 in Conjurations
  9526 | D:9      | Noticed Pikel
  9540 | D:8      | Killed Pikel
  9639 | D:8      | Reached **** piety under Cheibriados
  9941 | D:9      | Noticed Erica
 10076 | D:9      | Killed Erica
 10170 | D:9      | Reached skill level 5 in Hexes
 10170 | D:9      | Reached skill level 5 in Summonings
 10170 | D:9      | Reached skill level 5 in Necromancy
 10170 | D:9      | Reached skill level 5 in Translocations
 10170 | D:9      | Reached skill level 5 in Transmutations
 10170 | D:9      | Reached skill level 5 in Ice Magic
 10170 | D:9      | Reached skill level 5 in Air Magic
 10170 | D:9      | Reached skill level 5 in Earth Magic
 10170 | D:9      | Reached skill level 5 in Poison Magic
 10170 | D:9      | Reached XP level 11. HP: 28/81 MP: 22/22
 10447 | D:9      | Noticed Gastronok
 10477 | D:9      | Killed Gastronok
 10808 | D:9      | Found a white marble altar of Elyvilon.
 10884 | D:9      | Reached ***** piety under Cheibriados
 11195 | D:10     | Entered Level 10 of the Dungeon
 11212 | D:10     | Noticed a two-headed ogre
 11222 | D:10     | Killed a two-headed ogre
 11889 | D:10     | Found a staircase to the Lair.
 12148 | D:10     | Found a runed translucent gate.
 12148 | D:10     | Found a runed translucent gate.
 12148 | D:10     | Found a runed translucent gate.
 12178 | D:10     | Noticed bosakos's ghost (journeyman MiBe)
 12428 | D:11     | Noticed an eight-headed hydra
 12428 | D:11     | Noticed a two-headed ogre
 12458 | D:11     | Noticed Erolcha
 12462 | D:11     | Killed a two-headed ogre
 12472 | D:11     | Killed Erolcha
 12613 | D:11     | Noticed a sun demon
 12621 | D:12     | Noticed a deep elf pyromancer
 12635 | D:12     | Noticed a manticore
 12638 | D:12     | Noticed a purple ugly thing
 12640 | D:12     | Noticed a two-headed ogre
 12648 | D:12     | Killed from afar by a deep elf pyromancer

Illustrated notes

Levels and vault maps discovered:
D:1:      erik_arrival_cave_to_civilisation [erik_arrival_cave_to_hall],
          layout_basic, corexii_leaking_fountain
D:2:      layout_loops_ring, basic_altar, uniq_jessica, uniq_terence
D:3:      layout_rooms, nzn_wu_jian_contemplation, fedhas_altar_2,
          basic_ecumenical_altar
D:4:      layout_basic, old_standard_altar, minmay_temple_entry_glassed_door,
          uniq_crazy_yiuf_cottage
D:5:      layout_rooms, nemelex_dance_club_becter, serial_shops,
          nicolae_shop_advertising_works [nicolae_subvault_shop_adworks]
D:6:      layout_gridville, zin_academy, lemuel_tele_altar, serial_shops,
          nicolae_shop_bloodbath_and_beyond, st_stairs_7,
          dreamdust_princess_bridge, minmay_ruffians, uniq_grinder,
          uniq_eustachio
D:7:      layout_loops_cross, minmay_checkerbox, uniq_menkaure, uniq_maggie
D:8:      layout_loops_cross, serial_shops, shop
D:9:      layout_loops_ring, nicolae_overflow_hidden_temple,
          nicolae_elyvilon_peaceful_grove, uniq_erica, uniq_gastronok,
          uniq_pikel
D:10:     layout_stronghold, grunt_lair_entry_orc_guard_hut, gammafunk_ghost_icy
D:11:     layout_stronghold, minmay_orc_entry_guard_dogs, serial_shops,
          shop_coins, uniq_erolcha
D:12:     layout_rooms
Temple:   dpeg_chambers_temple

Skill      XL: |  1  2  3  4  5  6  7  8  9 10 11 |
---------------+----------------------------------+-----
Conjurations   | 2 3 4 5 6 |  6.2
Spellcasting   | 5 6 7 8 |  8.6
Invocations    | 1 2 3 4 5 6 7 |  7.6
Fighting       | 1 2 3 4 5 6 |  6.9
Short Blades   | 1 2 3 4 5 6 |  6.9
Long Blades    | 1 2 3 4 5 6 |  6.9
Axes           | 1 2 3 4 5 6 |  6.9
Maces & Flails | 1 2 3 4 5 6 |  6.9
Polearms       | 1 2 3 4 5 6 |  6.9
Staves         | 1 2 3 4 5 6 |  6.9
Ranged Weapons | 1 2 3 4 5 6 |  6.9
Throwing       | 1 2 3 4 5 6 |  6.9
Armour         | 1 2 3 4 5 6 |  6.9
Shields        | 1 2 3 4 5 6 |  6.9
Unarmed Combat | 1 2 3 4 5 6 |  6.9
Evocations     | 1 2 3 4 5 6 |  6.9
Hexes          | 1 2 3 4 5 |  5.7
Summonings     | 1 2 3 4 5 |  5.7
Necromancy     | 1 2 3 4 5 |  5.7
Translocations | 1 2 3 4 5 |  5.7
Transmutations | 1 2 3 4 5 |  5.7
Ice Magic      | 1 2 3 4 5 |  5.7
Air Magic      | 1 2 3 4 5 |  5.7
Earth Magic    | 1 2 3 4 5 |  5.7
Poison Magic   | 1 2 3 4 5 |  5.7
Dodging        | 5 6 7 8 |  8.4
Stealth        | 5 6 7 8 |  8.2
Fire Magic     | 6 7 8 |  8.0

Action                   |  1- 3 |  4- 6 |  7- 9 | 10-12 || total
-------------------------+-------+-------+-------+-------++-------
Melee: Unarmed           |     3 |       |       |       ||     3
       Spear             |     1 |       |       |       ||     1
       Long sword        |       |    29 |   146 |   284 ||   459
       Bite              |       |     4 |    12 |    37 ||    53
       Great sword       |       |    14 |       |       ||    14
       Hand axe          |       |     5 |       |       ||     5
       Punch             |       |       |     5 |    14 ||    19
 Cast: Foxfire           |    95 |   103 |    20 |    25 ||   243
       Scorch            |     2 |    23 |    18 |     5 ||    48
       Magic Dart        |       |       |     8 |     8 ||    16
       Mephitic Cloud    |       |       |       |    23 ||    23
Invok: Slouch            |       |       |       |     2 ||     2
       Bend Time         |       |       |       |     1 ||     1
  Use: Scroll            |     1 |    10 |     3 |     8 ||    22
       Potion            |       |     2 |       |     7 ||     9
 Stab: Sleeping          |       |     3 |     6 |    15 ||    24
       Confused          |       |       |       |     6 ||     6
       Distracted        |       |       |       |     2 ||     2
       Invisible         |       |       |       |     3 ||     3
Armor: Robe              |     8 |    17 |    73 |    22 ||   120
       Steam dragon scal |       |       |       |   120 ||   120
Dodge: Dodged            |    20 |    53 |   243 |   426 ||   742

Table legend: (Time is in decaauts)
 A = Elapsed time spent in this place.
 B = Non-inter-level travel time spent in this place.
 C = Inter-level travel time spent in this place.
 D = Time resting spent in this place.
 E = Time spent auto-exploring this place.
 F = Levels seen in this place.
 G = Mean time per level.
                   A        B        C        D        E       F      G
               +--------+--------+--------+--------+--------+-----+--------+
         Total |  15029 |  14609 |    420 |   2473 |   9719 |  13 | 1156.1 |
       Dungeon |  15010 |  14600 |    410 |   2473 |   9719 |  12 | 1250.8 |
        Temple |     18 |      8 |     10 |      0 |      0 |   1 |   18.0 |
               +--------+--------+--------+--------+--------+-----+--------+

Top non-repeatable levels by time:
     D:6: 1842 daAuts
    D:10: 1744 daAuts
     D:9: 1722 daAuts
     D:8: 1656 daAuts
     D:1: 1590 daAuts
     D:7: 1457 daAuts
     D:5: 1304 daAuts
     D:4: 1251 daAuts
     D:2: 1202 daAuts
     D:3: 944 daAuts
    D:11: 260 daAuts
    D:12: 33 daAuts
  Temple: 18 daAuts
